 Dungeon Crawl Stone Soup version 0.17.1-1-g73c8601 (webtiles) character file.

161 Rationalist the Skirmisher (level 5, 0/42 HPs)
             Began as a Demonspawn Berserker on Dec 21, 2015.
             Was a Believer of Trog.
             Slain by Natasha (1 damage)
             ... on level 3 of the Dungeon.
             The game lasted 00:03:39 (3682 turns).

Rationalist the Skirmisher (Demonspawn Berserker)   Turns: 3682, Time: 00:03:40

Health: 0/42       AC:  2    Str: 17    XL:     5   Next: 19%
Magic:  5/5        EV: 13    Int:  9    God:    Trog [**....]
Gold:   80         SH:  0    Dex: 13    Spells: 0 memorised, 4 levels left

rFire  . . .     SeeInvis .     a - +0 hand axe
rCold  . . .     Clarity  .     b - +0 animal skin
rNeg   . . .     SustAt   .     (no shield)
rPois  .         Gourm    .     (no helmet)
rElec  .         Spirit   .     (no cloak)
rCorr  .         Warding  .     (no gloves)
rMut   .         Stasis   .     (no boots)
MR     ++...                    (no amulet)
Stlth  +.........               (no ring)
                                (no ring)

@: regenerating, very resistant to hostile enchantments, very unstealthy
A: hooves 1, demonic guardian 1
a: Berserk, Trog's Hand, Burn Spellbooks, Renounce Religion


You were on level 3 of the Dungeon.
You worshipped Trog.
Trog was pleased with you.
You were hungry.

You visited 1 branch of the dungeon, and saw 3 of its levels.

You collected 80 gold pieces.

Inventory:

Hand Weapons
 a - a +0 hand axe (weapon)
Missiles
 g - 19 sling bullets
Armour
 b - a +0 animal skin (worn)
Jewellery
 j - a cursed ring of loudness {unknown}
Scrolls
 d - 2 scrolls of amnesia {unknown}
 e - a scroll of teleportation {unknown}
 h - a scroll of recharging {unknown}
 i - a scroll of remove curse {unknown}
Books
 l - a book of Battle

   Spells                             Type                      Level
   a - Infusion                       Charms                       1
   b - Shroud of Golubria             Charms/Translocation         2
   c - Song of Slaying                Charms                       2
   d - Spectral Weapon                Hexes/Charms                 3
   e - Regeneration                   Charms/Necromancy            3
   Trog disapproves of the use of such an item.
Comestibles
 c - 2 bread rations
 f - a royal jelly
 m - 2 slices of pizza


   Skills:
 + Level 3.9 Fighting
 + Level 3.3 Axes
 + Level 1.9 Armour
 + Level 3.4 Dodging
 + Level 1.1 Stealth


You had 4 spell levels left.
You didn't know any spells.

Dungeon Overview and Level Annotations

Branches:
Dungeon (3/15)

Altars:

Annotations:
D:3 Natasha


Innate Abilities, Weirdness & Mutations

You have large cloven feet.
A weak demonic guardian rushes to your aid.


Message History

Orders for allies: a - Attack new target. r - Retreat! s - Stop attacking. w - Wait here. f - Follow me.
Anything else - Stay silent.
Gang up on whom?
Press: ? - help, Dir - move target cursor, f - Natasha
Aim: Natasha (heavily wounded) Attack!
Your ufetubus barely misses the crimson imp.
Your ufetubus hits the crimson imp.
Your crimson imp blinks!
The shadow imp misses you. The crimson imp hits you.
* * * LOW HITPOINT WARNING * * *
The white imp gestures at you. The puff of frost hits you!
* * * LOW HITPOINT WARNING * * *
Your ufetubus hits the crimson imp.
Your ufetubus barely misses the crimson imp.
Natasha claws you.
You die...

... ....#
.# #....
...##.
#.... .....
#..... ...#
.ยง..<##..#
.......#
#.#...#
#.555<#
##.@h##
#.5....#
##..####
#..# ..>#
#####


You could see Natasha, a crimson imp, a white imp, a shadow imp and a friendly
ufetubus.

Vanquished Creatures
  Crazy Yiuf (D:2)
  2 adders (D:2)
  4 gnolls (D:2)
  4 worms (D:2)
  2 giant geckos
  3 orcs (D:2)
  A ball python (D:2)
  11 bats
  3 giant cockroaches
  7 goblins
  6 hobgoblins
  7 jackals
  4 giant newts
  10 kobolds
  2 quokkas (D:2)
  2 rats
69 creatures vanquished.

Notes
Turn   | Place    | Note
--------------------------------------------------------------
     0 | D:1      | Rationalist the Demonspawn Berserker began the quest for the Orb.
     0 | D:1      | Reached XP level 1. HP: 18/18 MP: 1/1
   573 | D:1      | Gained mutation: A weak demonic guardian rushes to your aid. [demonic ancestry]
   573 | D:1      | Reached XP level 2. HP: 16/24 MP: 2/2
   622 | D:1      | HP: 1/24 [goblin/club (1)]
  1692 | D:1      | Gained mutation: You have large cloven feet. [demonic ancestry]
  1692 | D:1      | Reached XP level 3. HP: 29/29 MP: 3/3
  1711 | D:1      | Reached ** piety under Trog
  2381 | D:2      | Reached XP level 4. HP: 12/36 MP: 4/4
  2912 | D:2      | Noticed Crazy Yiuf
  2918 | D:2      | Killed Crazy Yiuf
  2918 | D:2      | Reached skill level 1 in Stealth
  3278 | D:2      | Reached XP level 5. HP: 35/42 MP: 5/5
  3662 | D:3      | Noticed Natasha
  3682 | D:3      | HP: 1/42 [white imp/puff of frost[Natasha] (5)]
  3682 | D:3      | Slain by Natasha

Action                   |  1- 3 |  4- 6 || total
-------------------------+-------+-------++-------
Melee: Hand axe          |   145 |   105 ||   250
Invok: Trog's Hand       |     2 |     2 ||     4
       Berserk           |     2 |     1 ||     3
  Use: Potion            |       |     2 ||     2
  Eat: Chunk             |     6 |     6 ||    12
